 Dungeon Crawl Stone Soup version 0.27.0-1-g7a089689b8 (console) character file.

Game seed: 318472573237792105

72 FIQ the Magician (level 4, -12/31 HPs)
             Began as a Djinni Fire Elementalist on Aug 2, 2021.
             Splashed by an orc wizard's acid (15 damage)
             ... on level 3 of the Dungeon.
             The game lasted 00:01:40 (3181 turns).

FIQ the Magician (Djinni Fire Elementalist)         Turns: 3181, Time: 00:01:40

Health: -12/31     AC: -2    Str:  7    XL:     4   Next: 48%
Gold:   67         EV: 12    Int: 17    God:
                   SH:  0    Dex: 14

rFire    + + .     SeeInvis .   f - +0 dagger
rCold    x . .     Faith    .   (no shield)
rNeg     . . .     Spirit   .   a - +0 robe
rPois    ∞         Reflect  .   (no helmet)
rElec    .         Harm     .   (no cloak)
rCorr    .         Rampage  .   (no gloves)
Will     .....                  (boots unavailable)
Stlth    ++........             (no amulet)
HPRegen  0.10/turn              (no ring)
MPRegen  0.00/turn              (no ring)

@: corroded, flying
A: sickness immunity, fire resistance 2, cold vulnerability 1, float, innate
caster, hp casting, extra vitality 1
a: no special abilities


You were on level 3 of the Dungeon.
You visited 1 branch of the dungeon, and saw 3 of its levels.

You collected 67 gold pieces.

Inventory:

Hand Weapons
 f - a +0 dagger (weapon)
Armour
 a - a +0 robe (worn)
Jewellery
 i - a ring of ice
Scrolls
 d - a scroll of enchant armour {unknown}
 e - 2 scrolls of vulnerability {unknown}
 g - 2 scrolls of identify {unknown}
Potions
 b - a potion of curing {unknown}
 c - a potion of lignification {unknown}
 h - a potion of resistance {unknown}


   Skills:
 - Level 2.1 Dodging
 - Level 1.5 Stealth
 + Level 3.9 Spellcasting


You couldn't memorise any spells.
You knew the following spells:

 Your Spells              Type           Power      Damage    Failure   Level
a - Foxfire               Conj/Fire      64%        2x1d7     3%          1
b - Conjure Flame         Conj/Fire      16%        6-21      10%         3
c - Inner Flame           Hex/Fire       16%        N/A       10%         3
d - Sticky Flame          Conj/Fire      16%        2d4       32%         4
e - Fireball              Conj/Fire      8%         3d6       65%         5
f - Freeze                Ice            64%        1d8       3%          1
Your spell library was empty.

Dungeon Overview and Level Annotations

Branches:
Dungeon (3/15)

Altars:


Innate Abilities, Weirdness & Mutations

You are immune to sickness and miasma.
You are immune to poison.
Your flesh is very heat resistant. (rF++)
You are vulnerable to cold. (rC-)
You float through the air rather than walking.
You learn spells naturally, not from books.
Your magical power is your life essence.
You have superior vitality. (+4 HP)


Message History

The orc is almost dead.
You are too injured to fight recklessly!
An orc is nearby!
An orc is nearby!
An orc is nearby!
You are too injured to fight recklessly!
The foxfire hits the orc.
You kill the orc!
You are too injured to fight recklessly!
You are too injured to fight recklessly!
Your foxfire dissipates! x2
A ball python comes into view.
A ball python is nearby!
A ball python is nearby!
The ball python hisses angrily.
You conjure some foxfire!
You are too injured to fight recklessly!
You are too injured to fight recklessly!
The foxfire hits the ball python.
The ball python is severely wounded.
The foxfire hits the ball python.
You kill the ball python!
You are too injured to fight recklessly!
An orc comes into view. It is wielding a +0 dagger.
Casting: Foxfire (safe; 3% risk of failure)
Confirm with . or Enter, or press ? or * to list all spells.
You conjure some foxfire!
The foxfire hits the orc.
The orc is almost dead.
The foxfire hits the orc.
You kill the orc!
An orc comes into view.
It is wielding a +0 short sword and wearing a +1 scale mail of poison resistance.
An orc wizard comes into view.
It is wielding a +0 dagger and carrying a wand of acid (8).
The orc shouts!
The orc wizard shouts!
Casting: Foxfire (safe; 3% risk of failure)
Confirm with . or Enter, or press ? or * to list all spells.
You conjure some foxfire!
The orc wizard zaps a wand.
The bolt of acid hits you!
* * * LOW HITPOINT WARNING * * *
The acid corrodes you!
You are splashed with acid!
You die...

.... #...... .... #.....
..... #.... ... #...# .
##.#...###.. #.#....)...
#.v.....)). ###@...)...
#.v........ #..........
#..o.......
.#############..........
#........##......o)####.
#......<..'........#
#.....###.#.......#†..
..... #.#####...#...


You could see an orc wizard and an orc (ally target).

Vanquished Creatures
  2 adders
  A worm (D:2)
  A dart slug (D:1)
  4 orcs (D:3)
  5 endoplasms
  6 goblins
  8 hobgoblins
  3 jackals (D:3)
  2 kobolds (D:1)
  A quokka (D:1)
  2 ball pythons
  3 bats
  A frilled lizard (D:1)
  A rat (D:1)
40 creatures vanquished.

Vanquished Creatures (others)
  239 foxfires
239 creatures vanquished.

Grand Total: 279 creatures vanquished

Notes
Turn   | Place    | Note
-------+----------+-------------------------------------------
     0 | D:1      | FIQ the Djinni Fire Elementalist began the quest for the
                  | Orb.
     0 | D:1      | Reached XP level 1. HP: 15/15 MP: 0/0
   610 | D:1      | Reached XP level 2. HP: 18/21 MP: 0/0
  1097 | D:1      | Reached skill level 3 in Spellcasting
  1487 | D:1      | Reached XP level 3. HP: 19/25 MP: 0/0
  1487 | D:1      | Learned a level 1 spell: Freeze
  3111 | D:3      | Reached XP level 4. HP: 28/31 MP: 0/0
  3181 | D:3      | Splashed by an orc wizard's acid

Illustrated notes

Levels and vault maps discovered:
D:1:      kennysheep_arrival_seaside, layout_basic
D:2:      layout_rooms, minmay_misc_feat_nine_boxes
D:3:      layout_basic, hellmonk_ecumenical_altar_run_dry, gammafunk_ghost_smash

Skill      XL: |  1  2 |
---------------+-------+-----
Spellcasting   | 3 |  3.9
Dodging        | |  2.1
Stealth        | |  1.5

Action                   |  1- 3 |  4- 6 || total
-------------------------+-------+-------++-------
 Cast: Foxfire           |   131 |    13 ||   144
Armor: Robe              |     1 |     1 ||     2
Dodge: Dodged            |     4 |     1 ||     5
